 Dungeon Crawl Stone Soup version 0.16-a0-3300-g0332368 (webtiles) character file.

203 Kemay the Insei (level 5, -9/36 HPs)
             Began as an Octopode Monk on Dec 25, 2014.
             Was a Believer of Kikubaaqudgha.
             Mangled by Grinder (10 damage)
             ... while paralysed by Grinder
             ... on level 3 of the Dungeon.
             The game lasted 00:10:06 (3335 turns).

Kemay the Insei (Octopode Monk)                     Turns: 3335, Time: 00:10:06

Health: -9/36      AC:  1    Str: 15    XL:     5   Next: 81%
Magic:  5/5        EV:  2    Int: 14    God:    Kikubaaqudgha [**....]
Gold:   158        SH:  0    Dex: 14    Spells: 2 memorised, 0 levels left

rFire  . . .     SeeInvis .       - Unarmed
rCold  + + .     Clarity  .     (no shield)
rNeg   . . .     SustAb   .     (helmet restricted)
rPois  .         Gourm    .     (no amulet)
rElec  .         Spirit   .     d - ring of protection from cold
rCorr  .         Warding  .     n - ring of protection from cold
rMut   .         Stasis   .     (no ring)
MR     .....                    (no ring)
Stlth  +++.......               (no ring)
                                (no ring)
                                (no ring)
                                (no ring)

@: paralysed, mighty, not resistant to hostile enchantments, fairly stealthy
A: almost no armour, amphibious, 8 rings, constrict 8, camouflage 1, gelatinous
body 1
a: Receive Corpses, Renounce Religion


You were on level 3 of the Dungeon.
You worshipped Kikubaaqudgha.
Kikubaaqudgha was pleased with you.
You were not hungry.

You visited 1 branch of the dungeon, and saw 3 of its levels.

You collected 158 gold pieces.

Inventory:

Jewellery
 d - a ring of protection from cold (left tentacle)
 n - a ring of protection from cold (right tentacle)
Scrolls
 c - a scroll of amnesia
 e - a scroll of magic mapping
 k - a scroll of enchant weapon
Potions
 a - 2 potions of restore abilities
 h - a potion of flight {unknown}
 i - a potion of heal wounds {unknown}
 m - a potion of lignification {unknown}
Books
 g - Kikubaaqudgha's Grimoire of Unholy Arts
   (Kikubaaqudgha gifted it to you on level 3 of the Dungeon)

   Spells                             Type                      Level
   a - Pain                           Necromancy                   1
   b - Corpse Rot                     Necromancy                   2
   c - Sublimation of Blood           Necromancy                   2
   d - Regeneration                   Charms/Necromancy            3
   e - Control Undead                 Necromancy                   4
 l - a book of Hinderance

   Spells                             Type                      Level
   a - Confusing Touch                Hexes                        2
   b - Confuse                        Hexes                        3
   c - Petrify                        Transmutation/Earth          4
   d - Metabolic Englaciation         Hexes/Ice                    5
   e - Summon Mana Viper              Hexes/Summoning              5
   f - Gell's Gravitas                Hexes/Translocation          6
Comestibles
 b - 2 bread rations
 j - a chunk of flesh


   Skills:
 - Level 3.0 Fighting
 + Level 4.8 Dodging
 - Level 2.6 Stealth
 + Level 5.6 Unarmed Combat


You couldn't memorise any spells.
You knew the following spells:

 Your Spells              Type           Power        Failure   Level  Hunger
a - Regeneration          Chrm/Necr      #.........   83%         3    ####...
b - Pain                  Necr           #...         30%         1    ##.....


Dungeon Overview and Level Annotations

Branches:
Dungeon (3/15)

Altars:
Cheibriados
Elyvilon
Kikubaaqudgha
Makhleb
Ru
Trog
Xom
Yredelemnul

Annotations:
D:3 Grinder


Innate Abilities, Weirdness & Mutations

You cannot wear most types of armour.
You are amphibious.
You can wear up to eight rings at the same time.
You can use your tentacles to constrict many enemies at once.
Your skin changes colour to match your surroundings (Stealth).
Your rubbery body absorbs attacks (AC +1).


Message History

Grinder gestures at you.
You barely resist. Grinder gestures at you. Pain shoots through your body!
You bludgeon Grinder! You grab Grinder.
Grinder is moderately wounded.
You constrict Grinder, but do no damage.
You tentacle-slap Grinder. You squeeze Grinder!
Grinder is almost dead.
You constrict Grinder. Grinder gestures at you.
You suddenly lose the ability to move!
You lose your grip on Grinder.
Grinder hits you!
You writhe in agony.
* * * LOW HITPOINT WARNING * * *
Grinder hits you!
* * * LOW HITPOINT WARNING * * *
You writhe in agony. x2
Grinder hits you!
You die...
Kikubaaqudgha rasps: "You have failed me!
Welcome... death!"

....#### ...._#.#
....##.# #.### #...#
## ###.#
.#######.#############
.....................#
..######()......@5##..
..# ##########.# #.#
###.### #.# #.....#
#.##### #.###.#####
#.#...# #5. #.....#
..)...# #. #.###.#
###...########......#
##........5...<..##


You could see Grinder.

Vanquished Creatures
  Natasha (D:3)
  Robin (D:3)
  6 adders
  A giant mite (D:2)
  3 worms
  4 giant geckos
  An ooze (D:3)
  A ball python (D:3)
  6 giant cockroaches
  13 goblins
  12 hobgoblins
  4 jackals (D:1)
  19 kobolds
  A quokka (D:3)
  3 bats
  5 giant newts
  5 rats
86 creatures vanquished.

Notes
Turn   | Place    | Note
--------------------------------------------------------------
     0 | D:1      | Kemay, the Octopode Monk, began the quest for the Orb.
     0 | D:1      | Reached XP level 1. HP: 16/16 MP: 1/1
   437 | D:1      | Reached XP level 2. HP: 18/21 MP: 2/2
   675 | D:1      | Reached XP level 3. HP: 23/26 MP: 3/3
  1483 | D:2      | Found a snail-covered altar of Cheibriados.
  1723 | D:2      | Reached XP level 4. HP: 25/31 MP: 4/4
  1981 | D:2      | Found a basalt altar of Yredelemnul.
  2110 | D:2      | Found a shimmering altar of Xom.
  2140 | D:2      | Reached skill level 5 in Unarmed Combat
  2273 | D:2      | Reached XP level 5. HP: 18/36 MP: 5/5
  2489 | D:2      | Found a burning altar of Makhleb.
  2490 | D:2      | Found a sacrificial altar of Ru.
  2586 | D:2      | Found a white marble altar of Elyvilon.
  2640 | D:3      | Found an ancient bone altar of Kikubaaqudgha.
  2662 | D:3      | Became a worshipper of Kikubaaqudgha
  2662 | D:3      | Acquired Kikubaaqudgha's first power
  2662 | D:3      | Received a gift from Kikubaaqudgha
  2662 | D:3      | Acquired Kikubaaqudgha's second power
  2663 | D:3      | Identified Kikubaaqudgha's Grimoire of Unholy Arts (Kikubaaqudgha gifted it to you on level 3 of the Dungeon)
  2668 | D:3      | Learned a level 3 spell: Regeneration
  2670 | D:3      | Learned a level 1 spell: Pain
  2712 | D:3      | Noticed Natasha
  2712 | D:3      | Noticed Robin
  2740 | D:3      | Killed Natasha
  2958 | D:3      | Killed Robin
  3288 | D:3      | Found a bloodstained altar of Trog.
  3312 | D:3      | Noticed Grinder
  3332 | D:3      | Paralysed by Grinder for 6 turns
  3334 | D:3      | HP: 1/36 [Grinder (9)]
  3335 | D:3      | Mangled by Grinder

Action                   |  1- 3 |  4- 6 || total
-------------------------+-------+-------++-------
Melee: Unarmed           |    76 |   116 ||   192
  Use: Scroll            |     3 |     7 ||    10
       Potion            |       |     2 ||     2
 Stab: Sleeping          |     8 |     2 ||    10
       Distracted        |       |     1 ||     1
  Eat: Chunk             |     2 |     6 ||     8
